 Dungeon Crawl Stone Soup version 0.20.1-1-g8b1a95d (console) character file.

1465 Kloppie the Cleaver (level 8, -9/71 HPs)
             Began as a White Draconian Fighter on July 18, 2017.
             Mangled by motoroller71's ghost (10 damage)
             ... on level 6 of the Dungeon.
             The game lasted 00:07:11 (4739 turns).

Kloppie the Cleaver (White Draconian Fighter)       Turns: 4739, Time: 00:07:12

Health: -9/71      AC: 11    Str: 24    XL:     8   Next: 48%
Magic:  8/8        EV: 13    Int:  8    God:
Gold:   285        SH:  0    Dex: 13    Spells: 7/7 levels left

rFire    . . .     SeeInvis .   a - +0 war axe
rCold    + . .     Gourm    .   (no shield)
rNeg     + . .     Faith    .   (armour unavailable)
rPois    .         Spirit   .   l - +1 hat
rElec    .         Reflect  .   F - +0 cloak
rCorr    .         Harm     .   e - +2 pair of gloves
MR       .....                  (no boots)
Stlth    +.........             (no amulet)
Regen    0.3/turn               j - ring of positive energy
MPRegen  0.2/turn               (no ring)

@: mighty
A: breathe frost, unfitting armour, cold resistance 1, cold-blooded, AC +6
a: Breathe Frost


You were on level 6 of the Dungeon.
You were not hungry.

You visited 1 branch of the dungeon, and saw 6 of its levels.

You collected 285 gold pieces.

Inventory:

Hand Weapons
 a - a +0 war axe (weapon)
Armour
 b - a +0 shield
 e - a +2 pair of gloves (worn)
 l - a +1 hat (worn)
 F - a +0 cloak (worn)
Jewellery
 j - a ring of positive energy (left hand)
 t - an uncursed ring of fire
Wands
 x - a wand of iceblast (13/15)
 B - a wand of polymorph (5/24)
Scrolls
 f - a scroll of fog
 g - a scroll of amnesia
 m - 5 scrolls of remove curse
 n - 2 scrolls of recharging
 p - a scroll of blinking
 u - a scroll of fear
 v - a scroll of enchant armour
 y - 4 scrolls of identify
 D - a scroll of teleportation
Potions
 h - a potion of resistance
 i - a potion of berserk rage {unknown}
 q - 4 potions of haste
 r - a potion of mutation
 s - a potion of ambrosia {unknown}
 z - 2 potions of degeneration {unknown}
 A - 3 potions of curing {unknown}
 C - a potion of agility {unknown}
Comestibles
 d - 4 bread rations
 k - 2 meat rations
 o - 4 royal jellies
 w - a chunk of flesh
 E - a fruit


   Skills:
 - Level 6.5 Fighting
 + Level 9.1 Axes
 + Level 3.6 Dodging
 - Level 3.0 Shields


You had 7 spell levels left.
You didn't know any spells.

Dungeon Overview and Level Annotations

Branches:
Dungeon (6/15)             Temple (0/1) D:6

Altars:
Ashenzari
Dithmenos
Yredelemnul

Shops:
D:4 (

Annotations:
D:6 motoroller71's ghost, novice HuGl


Innate Abilities, Weirdness & Mutations

You can breathe waves of freezing cold.
You can buffet flying creatures when you breathe cold.
Your icy white scales are hard. (AC +6)
You cannot fit into any form of body armour.
Your flesh is cold resistant. (rC+)
You are cold-blooded and may be slowed by cold attacks.


Message History

Motoroller71's ghost closely misses you.
You hit motoroller71's ghost but do no damage.
Motoroller71's ghost is severely damaged.
Motoroller71's ghost hits you!
* * * LOW HITPOINT WARNING * * *
You hit motoroller71's ghost.
Motoroller71's ghost is severely damaged.
Motoroller71's ghost hits you.
* * * LOW HITPOINT WARNING * * *
You feel very mighty all of a sudden.
Motoroller71's ghost hits you but does no damage.
You barely miss motoroller71's ghost.
Your tail-slap misses motoroller71's ghost.
Motoroller71's ghost is severely damaged.
Motoroller71's ghost hits you.
* * * LOW HITPOINT WARNING * * *
You hit motoroller71's ghost.
Motoroller71's ghost is severely damaged.
Motoroller71's ghost hits you!
You die...

#§≈≈#####≈≈§#
#≈§§#...#≈≈≈#
#§§§#.>.#≈≈≈#
#§§§#...#§§≈#
#≈≈≈##.##≈≈≈#
#≈≈§≈#.#≈≈≈≈#
#≈≈≈§#W#§≈≈§#
#≈§≈≈#@#≈≈≈≈#
######.######
#..# # #.## #
##.# # #..# #
#.## # #.# #
#.#


You could see motoroller71's ghost.

Vanquished Creatures
  The ghost of motoroller71 the Slasher, an amateur DsGl (D:5)
  A hungry ghost (D:3)
  3 sky beasts (D:5)
  2 ogres
  A bullfrog (D:4)
  A scorpion (D:5)
  A howler monkey (D:6)
  2 crimson imps (D:5)
  A jelly (D:5)
  An orc priest (D:3)
  A hound (D:6)
  2 orc wizards
  A bullfrog skeleton (D:6)
  2 iguanas
  Ijyb (D:3)
  A worker ant (D:4)
  10 adders
  An ooze (D:2)
  3 worms
  A dart slug (D:2)
  4 leopard geckos
  11 orcs
  2 ball pythons
  3 giant cockroaches
  3 goblins
  5 hobgoblins
  12 jackals
  7 kobolds
  7 quokkas
  9 bats
  3 frilled lizards
  A jackal skeleton (D:4)
  A jackal zombie (D:5)
  A quokka skeleton (D:4)
  7 rats
113 creatures vanquished.

Notes
Turn   | Place    | Note
-------+----------+-------------------------------------------
     0 | D:1      | Kloppie the Draconian Fighter began the quest for the Orb.
     0 | D:1      | Reached XP level 1. HP: 19/19 MP: 1/1
   125 | D:1      | Reached XP level 2. HP: 23/26 MP: 2/2
   335 | D:1      | Reached skill level 3 in Axes
  1043 | D:2      | Reached XP level 3. HP: 29/31 MP: 3/3
  1299 | D:2      | Reached skill level 4 in Axes
  1557 | D:3      | Found a shadowy altar of Dithmenos.
  1557 | D:3      | Found a transporter.
  1574 | D:3      | Reached XP level 4. HP: 27/38 MP: 4/4
  1824 | D:3      | Noticed Ijyb
  1825 | D:3      | Reached skill level 5 in Axes
  1841 | D:3      | Killed Ijyb
  1841 | D:3      | Reached XP level 5. HP: 37/45 MP: 5/5
  1847 | D:3      | Found a transporter.
  1852 | D:3      | Noticed a hungry ghost
  2124 | D:3      | Reached skill level 6 in Axes
  2262 | D:3      | Killed a hungry ghost
  2262 | D:3      | Reached XP level 6. HP: 32/51 MP: 6/6
  2541 | D:4      | Reached skill level 7 in Axes
  2644 | D:4      | Found a basalt altar of Yredelemnul.
  2789 | D:4      | Found Faonkeet's Weapon Boutique.
  3136 | D:5      | Entered Level 5 of the Dungeon
  3187 | D:5      | Noticed motoroller71's ghost (amateur DsGl)
  3206 | D:5      | Killed motoroller71's ghost
  3206 | D:5      | Your scales start taking on an icy white colour.
  3206 | D:5      | Reached XP level 7. HP: 39/60 MP: 7/7
  3206 | D:5      | Gained mutation: Your flesh is cold resistant. (rC+) [White Draconian growth]
  3294 | D:5      | Reached skill level 5 in Fighting
  3322 | D:5      | Reached skill level 8 in Axes
  3638 | D:5      | Reached XP level 8. HP: 34/70 MP: 8/8
  4333 | D:6      | Found a shattered altar of Ashenzari.
  4391 | D:6      | Reached skill level 9 in Axes
  4711 | D:6      | Noticed motoroller71's ghost (novice HuGl)
  4712 | D:6      | Found a staircase to the Ecumenical Temple.
  4736 | D:6      | HP: 1/71 [motoroller71's ghost (5)]
  4739 | D:6      | Mangled by motoroller71's ghost

Skill      XL: |  1  2  3  4  5  6  7  8 |
---------------+-------------------------+-----
Axes           | 3 4 5 6 7 8 9 |  9.1
Fighting       | 4 6 |  6.5
Dodging        | 3 |  3.6
Shields        | |  3.0

Action                   |  1- 3 |  4- 6 |  7- 9 || total
-------------------------+-------+-------+-------++-------
Melee: War axe           |   114 |   165 |   157 ||   436
       Tailslap          |     8 |    27 |    22 ||    57
Throw: Throwing net      |       |       |     1 ||     1
 Abil: Breathe Frost     |       |       |     1 ||     1
  Use: Scroll            |       |    12 |     4 ||    16
       Potion            |       |     1 |     1 ||     2
 Stab: Sleeping          |       |     1 |       ||     1
  Eat: Chunk             |     2 |    10 |     5 ||    17
Armor: Skin              |    60 |    66 |    61 ||   187
Dodge: Dodged            |    77 |   112 |    67 ||   256
Block: Shield            |    18 |       |       ||    18
